 Dungeon Crawl Stone Soup version 0.24.0-123-gd5b16e6ec5 (webtiles) character file.

Game seed: 14584094654016643202, levelgen mode: deterministic

203 Elellon the Chopper (level 5, -1/49 HPs)
             Began as a Deep Dwarf Fighter on Dec 31, 2019.
             Succumbed to a killer bee's poison
             ... on level 3 of the Dungeon.
             The game lasted 00:10:58 (1961 turns).

Elellon the Chopper (Deep Dwarf Fighter)            Turns: 1961, Time: 00:10:58

Health: -1/49      AC:  8    Str: 20    XL:     5   Next: 51%
Magic:  4/4        EV:  7    Int:  9    God:
Gold:   191        SH:  9    Dex: 12    Spells: 4/4 levels left

rFire    . . .     SeeInvis .   a - +0 war axe
rCold    . . .     Gourm    .   c - +0 shield
rNeg     . . .     Faith    .   b - +0 scale mail
rPois    .         Spirit   .   (no helmet)
rElec    .         Reflect  .   (no cloak)
rCorr    .         Harm     .   m - +0 pair of gloves (curse)
MR       .....                  (no boots)
Stlth    ..........             (no amulet)
HPRegen  0.00/turn              (no ring)
MPRegen  0.09/turn              (no ring)

@: lethally poisoned (-1 -> -44), non-regenerating
A: damage resistance, heal wounds, sense surroundings 1, no regeneration
a: Heal Wounds


You were on level 3 of the Dungeon.
You were not hungry.

You visited 1 branch of the dungeon, and saw 3 of its levels.

You collected 191 gold pieces.

Inventory:

Hand Weapons
 a - a +0 war axe (weapon)
Armour
 b - a +0 scale mail (worn)
 c - a +0 shield (worn)
 m - a cursed +0 pair of gloves (worn)
Jewellery
 q - an uncursed ring of magical power {unknown}
Wands
 n - a wand of random effects (20)
Scrolls
 g - a scroll of blinking {unknown}
 h - a scroll of remove curse {unknown}
 j - 2 scrolls of identify {unknown}
 k - a scroll of noise {unknown}
 l - a scroll of random uselessness {unknown}
 o - a scroll of enchant armour {unknown}
 p - a scroll of teleportation {unknown}
Potions
 d - 2 potions of might
 e - 2 potions of haste {unknown}
 i - a potion of flight {unknown}
Comestibles
 f - 14 rations
 r - a chunk of flesh


   Skills:
 + Level 3.1 Fighting
 * Level 5.1 Axes
 + Level 4.0 Armour
 + Level 0.7 Dodging
 + Level 4.0 Shields


You had 4 spell levels left.
You didn't know any spells.
Your spell library was empty.

Dungeon Overview and Level Annotations

Branches:
Dungeon (3/15)

Altars:


Innate Abilities, Weirdness & Mutations

You are resistant to damage.
You can heal yourself by infusing magical energy.
You passively map a small area around you.
You do not regenerate.


Message History

You are more poisoned.
The killer bee poisons you! You block the killer bee's attack.
The killer bee closely misses you.
Your shield and scale mail prevent you from hitting the killer bee.
The killer bee is severely wounded.
Your scale mail prevents you from hitting the killer bee.
* * * LOW HITPOINT WARNING * * *
You feel very sick.
The killer bee stings you but does no damage.
The killer bee stings you!
* * * LOW HITPOINT WARNING * * *
You are more poisoned.
The killer bee poisons you! The killer bee stings you.
* * * LOW HITPOINT WARNING * * *
You are more poisoned.
The killer bee poisons you! You block the killer bee's attack.
You miss the killer bee.
The killer bee is severely wounded.
You closely miss the killer bee.
You die...

#######
#...# #.#
#.### #.#
#.# #.#
#.# #.#
#.# #[# *
#.# #.# ,
#.# #.# ,
#.#
##.#####@#
* ,
.......yy#
, *
##.#####y#
* , ,,
*#yy.yyy..
* *,
,#.###....
* * * #.#
* .. , #.#
* ,..# *
### , , *


You could see 5 killer bees.

Vanquished Creatures
  An orc wizard (D:2)
  An orc priest (D:2)
  Jessica (D:2)
  4 adders (D:3)
  An ooze (D:3)
  4 worms
  A dart slug (D:2)
  A leopard gecko (D:2)
  An orc (D:2)
  8 goblins
  7 hobgoblins
  8 jackals
  6 kobolds
  2 ball pythons
  8 bats
  4 frilled lizards
  8 rats
66 creatures vanquished.

Notes
Turn   | Place    | Note
-------+----------+-------------------------------------------
     0 | D:1      | Elellon the Deep Dwarf Fighter began the quest for the Orb.
     0 | D:1      | Reached XP level 1. HP: 20/20 MP: 1/1
    98 | D:1      | Reached XP level 2. HP: 24/27 MP: 2/2
   808 | D:1      | Reached XP level 3. HP: 28/33 MP: 3/3
   812 | D:2      | Reached skill level 3 in Axes
   997 | D:2      | Reached XP level 4. HP: 28/42 MP: 4/4
   999 | D:2      | Reached skill level 4 in Axes
  1052 | D:2      | Noticed Jessica
  1092 | D:2      | Killed Jessica
  1092 | D:2      | Reached XP level 5. HP: 49/49 MP: 4/4
  1771 | D:3      | Reached skill level 5 in Axes
  1961 | D:3      | Succumbed to a killer bee's poison

Levels and vault maps discovered:
D:1:      lemuel_arrival_room, layout_basic, roderic_three_in_a_row,
          grunt_decor_resistance
D:2:      layout_basic, minmay_heptomino_h4, uniq_jessica
D:3:      layout_loops_ring, tgw_trog, first_ration, kennysheep_generic_room_3,
          uniq_grinder

Skill      XL: |  1  2  3  4  5 |
---------------+----------------+-----
Axes           | 3 4 5 |  5.1
Fighting       | 3 |  3.1
Shields        | 4 |  4.0
Armour         | 4 |  4.0
Dodging        | |  0.7

Action                   |  1- 3 |  4- 6 || total
-------------------------+-------+-------++-------
Melee: War axe           |   144 |   131 ||   275
 Abil: Heal Wounds       |     1 |     5 ||     6
  Eat: Chunk             |     1 |     3 ||     4
Armor: Scale mail        |    71 |    63 ||   134
Dodge: Dodged            |    56 |    54 ||   110
Block: Shield            |    76 |    81 ||   157
